[Event "Late-Titled-Tuesday-Blitz-November-28-2023"]
[Site "Chess.com"]
[Date "2023.11.28"]
[Round "5"]
[White "jcibarra"]
[Black "ThePeacefulPanda"]
[Result "0-1"]
[WhiteElo "2891"]
[BlackElo "2566"]
[TimeControl "180+1"]
[EndTime "14:56:10 PST"]
[Termination "ThePeacefulPanda won by resignation"]

1. e4 e5 2. Nf3 Nc6 3. Bb5 Nf6 4. O-O Nxe4 5. d4 Nd6 6. dxe5 Nxb5 7. a3 a5 8. a4 Nba7 9. Re1 Be7 10. Nc3 O-O 11. Nd5 d6 12. Bf4 dxe5 13. Nxe5 Nxe5 14. Bxe5 Bd6 15.
Bc3 Be6 16. Qd4 Qg5 17. f4 Nc6 18. Qf2 Qxd5 19. Kh1 Bc5 20. Qg3 Bd4 21. Rad1 Qc5 22. Rxd4 Nxd4 23. Re5 Nf5 24. Rxf5 Qxc3 25. Qxc3 Bxf5 26.
h3 c6 27. Kh2 Be4 28. g4 Bd5 29. Kg3 Rfe8 30. b3 Re4 31. Qd2 b6 32. c4 Bxc4 33.
bxc4 Rxc4 34. Qe3 Rxa4 35. Qxb6 Rb4 36. Qxc6 Rbb8 37. Qa4 Rb4 38. Qc6 Rab8 39. Qa6 a4 40. f5 Rb3+ 41. Kh4 a3 42. f6 R3b6 43. Qxa3 Rxf6 44. Qa7 Rfb6 45. Qc7 R6b7 46. Qd6 Ra8 47. Qc6 Rbb8 48. Qd5 Rd8 49. Qc6 Rf8 50. Qb7 Rae8 51.
Kg3 Re6 52. h4 Rg6 53. h5 Re6 54. Kh4 h6 55. Qd7 Rf6 56. Qc7 Re8 57. Qd7 Rfe6 58. Qc7 R6e7 59. Qd6 Rb7 60. Qc6 Rbb8 61. Qd5 Rbd8 62.
Qc5 Re4 63. Kh3 Rde8 64. Qd5 R4e5 65. Qc6 R5e6 66. Qc7 R6e7 67. Qc6 Kh8 68. Kh4 Re6 69.
Qd7 R6e7 70. Qd5 Kg8 71. Qb5 Rd8 72. Qc5 Red7 73. Qb5 Rd5 74. Qa4 Rd4 75. Qb5 Rf4 76. Kh3 Rc8 77. Qb7 Rc3+ 78. Kh4 Rcc4 79. Qb8+ Kh7 80.
Qb1+ f5 81. Kh3 Rc3+ 82. Kh2 Rcf3 83. gxf5 Rxf5 84. Kg2 Rf4 85. Qd3 Rg4+ 86. Kh3 Rg5 87. Kh4 Rxh5+ 88. Kg4 Rg5+ 89. Kh4 Kg6 90. Qd6+ Rf6 91.
Qd3+ Kf7 92. Qc4+ Kf8 93. Qc8+ Kf7 94. Qc4+ Kg6 95. Qd3+ Rgf5 96. Kg4 Kh7 97. Qc2 h5+ 98. Kh4 Kh6 99. Kh3 Rf3+ 100. Kg2 Rf2+ 101. Qxf2 Rxf2+ 102. Kxf2 g5 103. Kg3 g4 104. Kh4 Kg6 105. Kg3 Kg5 106. Kh2 h4 107. Kg2 h3+ 108. Kh2 Kh4 109. Kh1 g3 110. Kg1 h2+ 111. Kh1 Kg4 112. Kg2 h1=Q+ 113. Kxh1 Kh3 114. Kg1 g2 115. Kf2 Kh2 0-1

[Event "Late-Titled-Tuesday-Blitz-November-28-2023"]
[Site "Chess.com"]
[Date "2023.11.28"]
[Round "5"]
[White "TimGrutter03"]
[Black "Dr_crypt"]
[Result "1/2-1/2"]
[WhiteElo "2540"]
[BlackElo "2388"]
[TimeControl "180+1"]
[EndTime "14:57:14 PST"]
[Termination "Game drawn by 50-move rule"]

1. d4 Nf6 2. Nc3 d5 3. Bf4 e6 4. Nb5 Bb4+ 5. c3 Ba5 6. a4 a6 7. Na3 c6 8. e3 O-O 9. Nf3 b5 10. Nc2 Bc7 11. Ne5 Nfd7 12. axb5 Nxe5 13. dxe5 cxb5 14.
Bxb5 Bb7 15. Bd3 Nd7 16. O-O g6 17. Bh6 Re8 18. f4 a5 19. Nd4 Nc5 20. Bg5 Qb8 21. Bb5 Rc8 22. Rf3 Ne4 23. Be7 Bd8 24. Ba3 Ba6 25. Bxa6 Rxa6 26. Qa4 Bb6 27. Kh1 Qb7 28. Qb5 Ra7 29. Qe2 a4 30. Nb5 Ra5 31. Nd6 Nxd6 32. exd6 Bc5 33. Rh3 Bxa3 34. Rxa3 Qd7 35. Qf2 Qxd6 36.
Qh4 h5 37. Qg5 Qd8 38. Qg3 d4 39. exd4 Qxd4 40. Qd3 Qxf4 41. Rf3 Qc1+ 42. Rf1 Qxb2 43. Raa1 Rd5 44. Qa6 Rxc3 45. Qxa4 Rc8 46. Qa7 Rf8 47.
Rab1 Qd4 48. Qc7 Rf5 49. Qb7 Rxf1+ 50. Rxf1 Qd5 51. Qb1 e5 52. h3 Rd8 53. Qe1 e4 54. Qe3 Qe6 55. Rf4 Rd3 56. Qxe4 Qxe4 57. Rxe4 Kg7 58.
Kh2 g5 59. Ra4 h4 60. Ra5 Kg6 61. Kg1 Rd2 62. Kf1 Rb2 63. Ra4 f6 64. Rc4 f5 65.
Ra4 Kh5 66. Ra5 Kg6 67. Ra4 Rb5 68. Ra6+ Kh5 69. Ra4 Re5 70. Rb4 Re4 71. Rb5 g4 72. Rxf5+ Kg6 73. hxg4 Rxg4 74. Rf3 Kg5 75. Kg1 Rf4 76.
Ra3 Kg4 77. Kh2 Rb4 78. Ra5 Rd4 79. Ra8 Rf4 80. Rg8+ Kh5 81. Kh3 Rb4 82. Rh8+ Kg5 83. Rd8 Rb3+ 84. Kh2 Kg4 85. Rd4+ Kg5 86. Rd5+ Kg4 87.
Ra5 Rc3 88. Ra1 Kg5 89. Ra4 Kh5 90. Re4 Kg5 91. Kg1 Kh5 92. Kf2 Rc2+ 93. Kf3 Rc3+ 94. Kf4 Rg3 95. Re5+ Kg6 96. Re2 Kh5 97. Ra2 Kg6 98.
Ra6+ Kg7 99. Ra2 Kg6 100. Rb2 Kg7 101. Kf5 Kh6 102. Rb6+ Kg7 103. Rb2 Kh6 104. Rf2 Kg7 105. Kf4 Kh6 106. Ke4 Kg6 107. Kf4 Kh6 108. Ke4 Kg6 109. Kf4 Kh5 110. Ke4 Rg4+ 111. Kf3 Rg3+ 112. Ke2 Ra3 113. Rf5+ Kg4 114. Rc5 Ra2+ 115. Kf1 Kg3 116. Rc3+ Kg4 117. Rc4+ Kg5 118. Kg1 Rb2 119. Rc3 Rd2 120. Kh2 Ra2 121. Kh3 Ra4 122. Rc5+ Kg6 123. Rb5 Kh6 1/2-1/2

[Event "Late-Titled-Tuesday-Blitz-November-28-2023"]
[Site "Chess.com"]
[Date "2023.11.28"]
[Round "6"]
[White "TreinadorBR"]
[Black "Yushko_Olga"]
[Result "1-0"]
[WhiteElo "2354"]
[BlackElo "2125"]
[TimeControl "180+1"]
[EndTime "14:58:43 PST"]
[Termination "TreinadorBR won by checkmate"]

1. e4 e6 2. d4 d5 3. Nd2 Nf6 4. e5 Nfd7 5. Bd3 c5 6. c3 Nc6 7. Ne2 Qb6 8. Nf3 cxd4 9. cxd4 Bb4+ 10. Kf1 O-O 11. Bxh7+ Kxh7 12. Ng5+ Kg8 13. Qd3 g6 14. Qh3 Re8 15. Qh7+ Kf8 16. Qxf7# 1-0

[Event "Late-Titled-Tuesday-Blitz-November-28-2023"]
[Site "Chess.com"]
[Date "2023.11.28"]
[Round "6"]
[White "SnekkerAndersen"]
[Black "liwadas82"]
[Result "0-1"]
[WhiteElo "2540"]
[BlackElo "2382"]
[TimeControl "180+1"]
[EndTime "14:59:57 PST"]
[Termination "liwadas82 won by checkmate"]

1. a3 e5 2. h3 d5 3. d3 Nf6 4.
e3 Bd6 5. Nc3 c6 6. Bd2 O-O 7. e4 d4 8. Nce2 c5 9. Ng3 Nc6 10. Nf3 Ne8 11. Nf5 Bxf5 12. exf5 Ne7 13. g4 Nd5 14. Bg2 Nf4 15. Bxf4 exf4 16. O-O h5 17.
Nd2 hxg4 18. hxg4 Qh4 19. Ne4 f3 20. Nxd6 fxg2 21. Re1 Qh1# 0-1

[Event "Late-Titled-Tuesday-Blitz-November-28-2023"]
[Site "Chess.com"]
[Date "2023.11.28"]
[Round "6"]
[White "vladoboch"]
[Black "Gyulamiryan-koryun"]
[Result "0-1"]
[WhiteElo "2406"]
[BlackElo "1975"]
[TimeControl "180+1"]
[EndTime "15:00:38 PST"]
[Termination "Gyulamiryan-koryun won by checkmate"]

1. e4 e5 2. Nf3 Nc6 3. Bc4 Nf6 4.
d3 Be7 5. O-O O-O 6. Re1 d6 7.
a4 Be6 8. Na3 a6 9. c3 Na5 10.
Bxe6 fxe6 11. b4 Nc6 12. h3 d5 13. exd5 Nxd5 14. Nxe5 Nxe5 15. Rxe5 Nxc3 16. Qb3 Qd4 17.
Qxe6+ Kh8 18. Be3 Ne2+ 19. Kh2 Qxa1 20. Qxe7 Qg1# 0-1

[Event "Late-Titled-Tuesday-Blitz-November-28-2023"]
[Site "Chess.com"]
[Date "2023.11.28"]
[Round "6"]
[White "NotFischer"]
[Black "miraitrunks"]
[Result "1-0"]
[WhiteElo "2338"]
[BlackElo "2039"]
[TimeControl "180+1"]
[EndTime "15:00:48 PST"]
[Termination "NotFischer won by resignation"]

1. e4 c5 2. Nf3 d6 3. d4 cxd4 4. Nxd4 Nf6 5. Nc3 g6 6. Bb5+ Bd7 7. O-O Bxb5 8. Ndxb5 a6 9. e5 dxe5 10. Qxd8+ Kxd8 11. Na3 b5 12. Rd1+ Kc7 13. Nd5+ Nxd5 14. Rxd5 Nc6 15. c4 e6 16. Rd1 Bxa3 17. bxa3 bxc4 18.
Bg5 Nd4 19. Bf6 Kc6 20. Bxe5 Nc2 21. Rac1 Nxa3 22. Bxh8 Rxh8 23. Rc3 Nb5 24. Rxc4+ Kb6 25. Rd7 1-0

[Event "Late-Titled-Tuesday-Blitz-November-28-2023"]
[Site "Chess.com"]
[Date "2023.11.28"]
[Round "6"]
[White "e4evr"]
[Black "colegiodemadrid"]
[Result "0-1"]
[WhiteElo "2130"]
[BlackElo "2491"]
[TimeControl "180+1"]
[EndTime "15:00:50 PST"]
[Termination "colegiodemadrid won by resignation"]

1. d4 d5 2. c4 e6 3. Nf3 c6 4.
Nc3 dxc4 5. e4 b5 6. Bf4 Bb4 7. Be2 Nf6 8. Qc2 a6 9. O-O Nbd7 10. Rfd1 Bb7 11. a3 Be7 12. a4 O-O 13. d5 cxd5 14. exd5 Nxd5 15. Nxd5 Bxd5 16. Nd4 Bc5 17. axb5 Bxd4 18.
Rxd4 axb5 19. Re1 Qb6 20. Be3 Qb7 21. Rh4 f5 22. Bd4 e5 23. Bg4 g6 24. Bxe5 Nxe5 25. Rxe5 fxg4 26. Reh5 Ra1+ 0-1

[Event "Late-Titled-Tuesday-Blitz-November-28-2023"]
[Site "Chess.com"]
[Date "2023.11.28"]
[Round "6"]
[White "serena-maria"]
[Black "Alohamora11"]
[Result "0-1"]
[WhiteElo "2352"]
[BlackElo "2577"]
[TimeControl "180+1"]
[EndTime "15:00:52 PST"]
[Termination "Alohamora11 won by resignation"]

1. e4 c5 2. f4 d5 3. exd5 Nf6 4.
Bb5+ Bd7 5. Bxd7+ Qxd7 6. c4 e6 7. Qe2 Bd6 8. dxe6 fxe6 9. d3 Nc6 10. Nf3 O-O 11. O-O Rae8 12. Ne5 Bxe5 13. fxe5 Qd4+ 14. Kh1 Ng4 15. h3 Qxe5 0-1

[Event "Late-Titled-Tuesday-Blitz-November-28-2023"]
[Site "Chess.com"]
[Date "2023.11.28"]
[Round "6"]
[White "Grischuk"]
[Black "Njal28"]
[Result "1/2-1/2"]
[WhiteElo "3084"]
[BlackElo "3008"]
[TimeControl "180+1"]
[EndTime "15:01:10 PST"]
[Termination "Game drawn by agreement"]

1. d4 d5 2. c4 dxc4 3. e4 b5 4. a4 c6 5. axb5 cxb5 6. Nc3 a6 7.
Nxb5 axb5 8. Rxa8 Bb7 9. Ra2 e6 10. Ne2 Bxe4 11. Nc3 Bb4 12. Be2 Nf6 13. O-O Bxc3 14.
bxc3 O-O 15. Bf3 Qd5 16. Bxe4 Nxe4 17. Qf3 Nc6 18. Re1 Nf6 19. Qd1 b4 20. cxb4 Nxb4 21. Ra3 Nd3 22. Rxd3 cxd3 23. Qxd3 1/2-1/2

[Event "Late-Titled-Tuesday-Blitz-November-28-2023"]
[Site "Chess.com"]
[Date "2023.11.28"]
[Round "6"]
[White "melissa_guez"]
[Black "Chessbard1972"]
[Result "0-1"]
[WhiteElo "2244"]
[BlackElo "2392"]
[TimeControl "180+1"]
[EndTime "15:01:18 PST"]
[Termination "Chessbard1972 won by checkmate"]

1. e4 c5 2. Nf3 a6 3. d4 cxd4 4. Nxd4 e6 5. c4 Nf6 6. Nc3 Qc7 7.
Be2 b6 8. O-O Bb7 9. f3 Nc6 10.
Be3 Ne5 11. b3 Ng6 12. Kh1 h5 13. Bd3 h4 14. f4 Bb4 15. Nde2 Ng4 16. Bd4 e5 17. fxe5 N4xe5 18. a3 Bc5 19. Nd5 Bxd5 20.
exd5 Ng4 21. Bxg6 Qxh2# 0-1

[Event "Late-Titled-Tuesday-Blitz-November-28-2023"]
[Site "Chess.com"]
[Date "2023.11.28"]
[Round "6"]
[White "kikoveiga"]
[Black "expii"]
[Result "1-0"]
[WhiteElo "2572"]
[BlackElo "2237"]
[TimeControl "180+1"]
[EndTime "15:01:24 PST"]
[Termination "kikoveiga won by resignation"]

1. c4 e6 2. g3 d5 3. Bg2 c5 4.
cxd5 exd5 5. d4 Nf6 6. Nf3 Nc6 7. O-O Be7 8. dxc5 Bxc5 9. Nc3 O-O 10. Bg5 d4 11.
Bxf6 Qxf6 12. Ne4 Qe7 13. Nxc5 Qxc5 14. Rc1 Qb6 15. Qd2 Be6 16. b3 Rad8 17. Rfd1 Bd5 18.
Qb2 Bxf3 19. Bxf3 Ne5 20. Bg2 Nc6 21. Rc4 Rfe8 22. Bxc6 bxc6 23. Rcxd4 Rxd4 24. Qxd4 h6 25. Qxb6 axb6 26. Rd2 Ra8 27. Kg2 Kf8 28. Kf3 Ke7 29. e4 Ke6 30. Ke3 f6 31. f4 c5 32. Kd3 Rd8+ 33.
Kc3 Ra8 34. Kc4 Ra5 35. a4 g5 36. Rd8 gxf4 37. gxf4 f5 38. e5 Ra7 39. Rd6+ 1-0

[Event "Late-Titled-Tuesday-Blitz-November-28-2023"]
[Site "Chess.com"]
[Date "2023.11.28"]
[Round "6"]
[White "ThePeacefulPanda"]
[Black "jefferyx"]
[Result "0-1"]
[WhiteElo "2565"]
[BlackElo "2985"]
[TimeControl "180+1"]
[EndTime "15:01:27 PST"]
[Termination "jefferyx won by checkmate"]

1. Nf3 c5 2. d4 cxd4 3. Nxd4 e5 4. Nf3 Nf6 5. e3 Nc6 6. Be2 d5 7. O-O Be6 8. Nbd2 Be7 9. c4 d4 10. exd4 exd4 11. Bd3 Nd7 12. Re1 Nc5 13. Bb1 O-O 14.
Ne4 Qb6 15. Nxc5 Qxc5 16. Bd3 Bxc4 17. Bxc4 Qxc4 18. Nxd4 Rfd8 19. Nxc6 Rxd1 20. Nxe7+ Kf8 21. Rxd1 Kxe7 22. Bg5+ f6 23. Rac1 Qxa2 24. Rc7+ Kf8 25. Be3 Qa4 26. Rdd7 Ke8 27. Rxg7 Qd1# 0-1

[Event "Late-Titled-Tuesday-Blitz-November-28-2023"]
[Site "Chess.com"]
[Date "2023.11.28"]
[Round "6"]
[White "FairChess_on_YouTube"]
[Black "German_Bazeev"]
[Result "1-0"]
[WhiteElo "3081"]
[BlackElo "2810"]
[TimeControl "180+1"]
[EndTime "15:01:31 PST"]
[Termination "FairChess_on_YouTube won by resignation"]

1. d4 Nf6 2. c4 c6 3. Bf4 g6 4. Nc3 Bg7 5. Nf3 O-O 6. h3 d6 7. e3 a6 8. Be2 b5 9. O-O Nbd7 10. Bh2 b4 11. Na4 a5 12. c5 dxc5 13. dxc5 Ba6 14.
Bxa6 Rxa6 15. Qe2 Qc8 16. Rfd1 Qb7 17. Rac1 Re8 18. Qc4 e5 19. Ng5 Nf8 20. Nxf7 1-0

[Event "Late-Titled-Tuesday-Blitz-November-28-2023"]
[Site "Chess.com"]
[Date "2023.11.28"]
[Round "6"]
[White "Rakitic2010"]
[Black "GHANDEEVAM2003"]
[Result "0-1"]
[WhiteElo "2472"]
[BlackElo "3115"]
[TimeControl "180+1"]
[EndTime "15:01:33 PST"]
[Termination "GHANDEEVAM2003 won by resignation"]

1. e4 g6 2. h4 Bg7 3. h5 c5 4. Nf3 Nc6 5. c3 d5 6. exd5 Qxd5 7. d4 cxd4 8. h6 Bf6 9. Bd3 Bg4 10. Nbd2 dxc3 11. Ne4 O-O-O 12. O-O Qxd3 13. Qa4 Bxf3 14. Bf4 Qxe4 15. Qb5 cxb2 16. Rfb1 Qxf4 17. Rxb2 Bxb2 18. Re1 Be5 19. Rxe5 Rd1+ 20. Qf1 Rxf1+ 0-1

[Event "Late-Titled-Tuesday-Blitz-November-28-2023"]
[Site "Chess.com"]
[Date "2023.11.28"]
[Round "6"]
[White "zajka-molotok"]
[Black "Sacbutt"]
[Result "1-0"]
[WhiteElo "2524"]
[BlackElo "2350"]
[TimeControl "180+1"]
[EndTime "15:01:36 PST"]
[Termination "zajka-molotok won by resignation"]

1. g3 g6 2. Bg2 Bg7 3. e4 c5 4. c3 Nc6 5. Ne2 e5 6. O-O Nge7 7. d3 O-O 8. Be3 d6 9. Nd2 Rb8 10. f4 b5 11. f5 gxf5 12. exf5 Nxf5 13. Rxf5 Bxf5 14.
Bxc6 Bxd3 15. Be4 Bxe2 16. Qxe2 d5 17. Bf5 d4 18. Qh5 h6 19. Bxh6 Qf6 20. Bxg7 Qxg7 21. Ne4 f6 22. Rf1 c4 23. Be6+ 1-0

[Event "Late-Titled-Tuesday-Blitz-November-28-2023"]
[Site "Chess.com"]
[Date "2023.11.28"]
[Round "6"]
[White "Bryanl106"]
[Black "vladgoncharov"]
[Result "1-0"]
[WhiteElo "2491"]
[BlackElo "2614"]
[TimeControl "180+1"]
[EndTime "15:01:37 PST"]
[Termination "Bryanl106 won by resignation"]

1. e4 e6 2. d4 d5 3. Nd2 Be7 4.
c3 c5 5. exd5 exd5 6. Ngf3 Nf6 7. dxc5 Bxc5 8. Bb5+ Nc6 9. O-O O-O 10. Nb3 Bb6 11.
Bg5 Be6 12. Re1 h6 13. Bh4 g5 14. Bg3 Ne4 15. Nbd4 Nxd4 16. Nxd4 Qf6 17. a4 Rac8 18.
a5 Bxd4 19. cxd4 Nxg3 20. hxg3 Kg7 21. a6 b6 22. Re5 Rc7 23. Rc1 Rfc8 24. Rxc7 Rxc7 25.
Qd2 Qd8 26. Kh2 Qc8 27. Bd3 Rc1 28. f4 f6 29. Rxe6 1-0

[Event "Late-Titled-Tuesday-Blitz-November-28-2023"]
[Site "Chess.com"]
[Date "2023.11.28"]
[Round "6"]
[White "wanyaland"]
[Black "TheMagician"]
[Result "1-0"]
[WhiteElo "2444"]
[BlackElo "2296"]
[TimeControl "180+1"]
[EndTime "15:01:37 PST"]
[Termination "wanyaland won by resignation"]

1. d4 Nf6 2. c4 e6 3. g3 b6 4.
Bg2 d5 5. Nc3 c6 6. Nf3 dxc4 7.
Ne5 Nd5 8. Nxc4 Ba6 9. Ne5 Qc7 10. O-O Bd6 11. f4 Nxc3 12. bxc3 O-O 13. Re1 Bb7 14. e4 Rd8 15. Qe2 c5 16. Be3 Nc6 17.
Rac1 Nxe5 18. fxe5 Be7 19. Rf1 Rf8 20. Qg4 Kh8 21.
h4 Rae8 22. h5 h6 23. Rf2 Kg8 24. Bxh6 1-0

[Event "Late-Titled-Tuesday-Blitz-November-28-2023"]
[Site "Chess.com"]
[Date "2023.11.28"]
[Round "6"]
[White "Charodej1"]
[Black "andrzej"]
[Result "0-1"]
[WhiteElo "2213"]
[BlackElo "2465"]
[TimeControl "180+1"]
[EndTime "15:01:53 PST"]
[Termination "andrzej won by resignation"]

1. e4 e5 2. Nf3 Nf6 3. Nxe5 d6 4. Nf3 Nxe4 5. Nc3 Nxc3 6. dxc3 Be7 7. Bc4 O-O 8. Be3 Nd7 9. Qd2 Ne5 10. Be2 Ng4 11.
Bf4 Bf6 12. O-O-O Nxf2 13. Rhg1 Nxd1 14. Bxd1 Bg4 15. h3 Bxf3 16. Bxf3 Rb8 17. g4 h6 18. Kb1 Bg5 19. Be4 Bxf4 20. Qxf4 Qg5 21. Qg3 Qe5 22. Qg2 Rfe8 23. Bf3 b5 24. a3 a5 25. h4 b4 26.
cxb4 axb4 27. a4 b3 28. c3 Qe1+ 29. Bd1 Qe4+ 30. Kc1 Qxa4 31. Rf1 Qa1+ 32. Kd2 Qxb2+ 0-1

[Event "Late-Titled-Tuesday-Blitz-November-28-2023"]
[Site "Chess.com"]
[Date "2023.11.28"]
[Round "6"]
[White "stregachess"]
[Black "LUISMIGUELOV"]
[Result "1-0"]
[WhiteElo "2082"]
[BlackElo "2185"]
[TimeControl "180+1"]
[EndTime "15:02:00 PST"]
[Termination "stregachess won by checkmate"]

1. d4 d5 2. Nf3 c6 3. Bf4 Bf5 4. e3 Nd7 5. Nbd2 e6 6. Bd3 Bxd3 7. cxd3 f5 8. h3 Ngf6 9. O-O Be7 10. Rc1 O-O 11.
a3 a5 12. Nb3 a4 13. Nc5 Nxc5 14. dxc5 Qa5 15. d4 Ne4 16. Qc2 h6 17. Rfd1 g5 18. Bh2 h5 19. Ne5 g4 20. f3 g3 21. fxe4 gxh2+ 22. Kxh2 fxe4 23. Qe2 Rf5 24. Rf1 Raf8 25. g4 hxg4 26. Qxg4+ Kh7 27. Qg6+ Kh8 28. Qh6+ Kg8 29. Rg1+ Bg5 30. Rxg5+ Rxg5 31. Qxg5+ Kh7 32. Qg6+ Kh8 33. Qh6+ Kg8 34. Rg1# 1-0

[Event "Late-Titled-Tuesday-Blitz-November-28-2023"]
[Site "Chess.com"]
[Date "2023.11.28"]
[Round "6"]
[White "TanitoluwaAps116"]
[Black "rdarruda"]
[Result "1-0"]
[WhiteElo "2697"]
[BlackElo "2517"]
[TimeControl "180+1"]
[EndTime "15:02:07 PST"]
[Termination "TanitoluwaAps116 won by resignation"]

1. e4 c5 2. Nf3 Nc6 3. Bb5 g6 4. Bxc6 bxc6 5. O-O Bg7 6. Re1 e5 7. c3 Qb6 8. d4 cxd4 9. cxd4 exd4 10. Nbd2 Ne7 11. Nc4 Qc7 12. Bg5 c5 13. e5 h6 14. Nd6+ Kf8 15. Qb3 c4 16. Nxc4 hxg5 17. Nd6 1-0

[Event "Late-Titled-Tuesday-Blitz-November-28-2023"]
[Site "Chess.com"]
[Date "2023.11.28"]
[Round "6"]
[White "CSB7"]
[Black "StellarChessPro"]
[Result "1-0"]
[WhiteElo "2701"]
[BlackElo "2518"]
[TimeControl "180+1"]
[EndTime "15:02:14 PST"]
[Termination "CSB7 won by resignation"]

1. d4 g6 2. e4 Bg7 3. c4 d6 4. Nc3 Nc6 5. Be3 e5 6. Nge2 Nge7 7. d5 Nb8 8. c5 O-O 9. cxd6 cxd6 10. Qd2 f5 11. f3 f4 12. Bf2 a6 13. Nc1 Nd7 14. Be2 Nf6 15. Nb3 Nh5 16. O-O-O b5 17. Kb1 Bd7 18. Rc1 b4 19. Nd1 a5 20. Na1 Qb8 21. b3 Qb7 22. Nb2 a4 23. Nc4 Rf6 24. Nb6 Qxb6 25. Bxb6 1-0

[Event "Late-Titled-Tuesday-Blitz-November-28-2023"]
[Site "Chess.com"]
[Date "2023.11.28"]
[Round "6"]
[White "NikolaGry"]
[Black "Thormento16"]
[Result "1-0"]
[WhiteElo "2715"]
[BlackElo "2405"]
[TimeControl "180+1"]
[EndTime "15:02:15 PST"]
[Termination "NikolaGry won by checkmate"]

1. d4 Nf6 2. Bg5 d5 3. Nd2 c5 4.
Bxf6 gxf6 5. dxc5 e5 6. e4 Bxc5 7. Bb5+ Nc6 8. Qe2 Be6 9. O-O-O Qa5 10. Nb3 Qxa2 11. exd5 O-O-O 12. Bxc6 bxc6 13. dxe6 fxe6 14. Nf3 Kb8 15. Rxd8+ Rxd8 16. Rd1 Rxd1+ 17. Qxd1 Bb6 18. Qd6+ Bc7 19. Qxc6 a5 20. Nc5 Qa1+ 21. Kd2 Kc8 22. Qe8+ Bd8 23. Qd7+ Kb8 24. Qb7# 1-0

[Event "Late-Titled-Tuesday-Blitz-November-28-2023"]
[Site "Chess.com"]
[Date "2023.11.28"]
[Round "6"]
[White "Tomytoteph"]
[Black "kleber2007"]
[Result "1-0"]
[WhiteElo "2606"]
[BlackElo "2388"]
[TimeControl "180+1"]
[EndTime "15:02:15 PST"]
[Termination "Tomytoteph won by resignation"]

1. e4 c6 2. d4 d5 3. Nd2 dxe4 4. Nxe4 Bf5 5. Ng3 Bg6 6. h4 h6 7. Nf3 Nd7 8. Bc4 e6 9. h5 Bh7 10. c3 Bd6 11. Qe2 Ne7 12. Ne4 Bxe4 13. Qxe4 Nf6 14. Qe2 Qc7 15. Ne5 Bxe5 16. dxe5 Nfd5 17. Bd2 O-O-O 18.
O-O-O Rd7 19. f4 Rhd8 20. g4 Qa5 21. Bb3 Nb6 22. Rhf1 Qb5 23. Qxb5 cxb5 24. f5 Nc4 25. Bxc4 bxc4 26. f6 gxf6 27. exf6 Ng8 28. g5 Rd5 29. g6 R8d7 30. Be3 Rxd1+ 31. Rxd1 Rxd1+ 32. Kxd1 Nxf6 33. gxf7 Nh7 34. Bxh6 Kd7 35. f8=Q Nxf8 36. Bxf8 1-0

[Event "Late-Titled-Tuesday-Blitz-November-28-2023"]
[Site "Chess.com"]
[Date "2023.11.28"]
[Round "6"]
[White "Siemba"]
[Black "sakkikuska"]
[Result "1-0"]
[WhiteElo "2606"]
[BlackElo "2397"]
[TimeControl "180+1"]
[EndTime "15:02:20 PST"]
[Termination "Siemba won by resignation"]

1. e4 c5 2. Nf3 e6 3. d4 cxd4 4. Nxd4 Nc6 5. Nc3 Qc7 6. Be3 a6 7. Qd2 Nf6 8. f3 h5 9. O-O-O Be7 10. Kb1 b5 11. Bf4 e5 12. Nf5 exf4 13. Nd5 Qe5 14. Nxg7+ Kf8 15. Nf5 Nxd5 16. exd5 Qxf5 17. dxc6 dxc6 18.
Bd3 Qf6 19. Be4 Be6 20. Bxc6 Bxa2+ 21. Kxa2 Qxc6 22. Qxf4 Qc4+ 23. Qxc4 bxc4 24. Rd4 Rg8 25. g3 Rc8 26. Re1 Rg5 27. c3 Ra5+ 28. Kb1 Rb5 29.
Re2 Bf6 30. Rd7 Rcb8 31. Kc1 a5 32. Rd6 Be5 33. Rc6 Bf6 34. Rxf6 a4 35. Ra6 1-0

[Event "Late-Titled-Tuesday-Blitz-November-28-2023"]
[Site "Chess.com"]
[Date "2023.11.28"]
[Round "6"]
[White "JackRodgers"]
[Black "KVAIDAN"]
[Result "0-1"]
[WhiteElo "2545"]
[BlackElo "2386"]
[TimeControl "180+1"]
[EndTime "15:02:25 PST"]
[Termination "KVAIDAN won by resignation"]

1. d4 e6 2. c4 f5 3. g3 Nf6 4.
Bg2 d6 5. Nf3 Be7 6. O-O O-O 7.
Nc3 a5 8. Bg5 Ne4 9. Bxe7 Qxe7 10.
Rc1 Nd7 11. a3 Ndf6 12. Nd2 Nxc3 13. Rxc3 e5 14. e3 c6 15. b4 axb4 16. axb4 Ra2 17.
c5 d5 18. Nf3 f4 19. dxe5 Ne4 20. Rc2 Rxc2 21. Qxc2 fxg3 22. hxg3 Bg4 23. Nh2 Bf5 24.
Bxe4 Bxe4 25. Qb2 Rf3 26. Nxf3 Bxf3 27. Qd4 g5 28. Ra1 Qe6 29. g4 Qh6 30. Ra8+ Kf7 31. e6+ Ke7 32. Re8+ Kxe8 33. Qh8+ Ke7 0-1

[Event "Late-Titled-Tuesday-Blitz-November-28-2023"]
[Site "Chess.com"]
[Date "2023.11.28"]
[Round "6"]
[White "marvinguevara"]
[Black "MeesvanOsch"]
[Result "0-1"]
[WhiteElo "2195"]
[BlackElo "2407"]
[TimeControl "180+1"]
[EndTime "15:02:26 PST"]
[Termination "MeesvanOsch won by resignation"]

1. e4 e6 2. d4 d5 3. Nc3 Bb4 4. Bd2 Bxc3 5. Bxc3 dxe4 6. Bc4 Nf6 7.
Ne2 O-O 8. O-O b6 9. Ng3 Bb7 10. Re1 Nbd7 11. a4 a5 12. h4 Bd5 13. Bf1 Re8 14.
h5 h6 15. b3 Qc8 16. Bb2 Bb7 17. c4 c5 18. dxc5 Qxc5 19. Qc2 Rad8 20. Rad1 Qg5 21. Bc1 Qh4 22. Be3 Ng4 23. Be2 Nxe3 24. fxe3 Qxg3 25. Bf1 Nc5 26. Rxd8 Rxd8 27. Qb2 Qxe1 0-1

[Event "Late-Titled-Tuesday-Blitz-November-28-2023"]
[Site "Chess.com"]
[Date "2023.11.28"]
[Round "6"]
[White "drdaro"]
[Black "Abduzhaparov"]
[Result "0-1"]
[WhiteElo "2260"]
[BlackElo "2427"]
[TimeControl "180+1"]
[EndTime "15:02:33 PST"]
[Termination "Abduzhaparov won by resignation"]

1. d4 d6 2. g3 e5 3. Bg2 exd4 4.
Qxd4 Nc6 5. Qd1 h5 6. h4 Bg4 7. Nf3 Be7 8. O-O Nh6 9. Bd2 Qd7 10. c4 O-O-O 11. Bc3 Nf5 12. e4 Nh6 13. Bxg7 Rh7 14. Bc3 Rg8 15. Nbd2 f5 16. Kh2 f4 17. Rg1 fxg3+ 18. fxg3 Nf7 19. Qe1 Bxf3 20. Nxf3 Nh6 21. Bh3 Ng4+ 22. Bxg4 Qxg4 23. Nd4 Ne5 24. Qd1 c5 25. Nf5 Nf3+ 26. Kg2 Nxh4+ 27. Nxh4 Qxg3+ 28. Kh1 0-1

[Event "Late-Titled-Tuesday-Blitz-November-28-2023"]
[Site "Chess.com"]
[Date "2023.11.28"]
[Round "6"]
[White "MNyuyu"]
[Black "Freeeeeeeeeeeeeeeeee"]
[Result "0-1"]
[WhiteElo "2470"]
[BlackElo "2130"]
[TimeControl "180+1"]
[EndTime "15:02:34 PST"]
[Termination "Freeeeeeeeeeeeeeeeee won on time"]

1. d4 d5 2. c4 e6 3. Nc3 c6 4.
Nf3 dxc4 5. a4 Bb4 6. e4 b5 7.
Be2 Nf6 8. Qc2 Bb7 9. O-O a6 10.
Bg5 h6 11. Bh4 Be7 12. Rfd1 O-O 13. Ne5 Nbd7 14. f4 Nxe5 15. fxe5 Nd7 16. Bf2 Qc7 17. b3 b4 18. Na2 c3 19. a5 c5 20. dxc5 Bxc5 0-1

[Event "Late-Titled-Tuesday-Blitz-November-28-2023"]
[Site "Chess.com"]
[Date "2023.11.28"]
[Round "6"]
[White "WPWPWP-2015"]
[Black "aa175"]
[Result "0-1"]
[WhiteElo "2531"]
[BlackElo "2608"]
[TimeControl "180+1"]
[EndTime "15:02:50 PST"]
[Termination "aa175 won on time"]

1. e4 c5 2. Nf3 d6 3. d4 Nf6 4. Nc3 cxd4 5. Nxd4 a6 6. Bg5 Nbd7 7. Qe2 b5 8. O-O-O Bb7 9. Nd5 Rc8 10. Bxf6 Nxf6 11. Nxf6+ gxf6 12. Kb1 e6 13. f4 Bg7 14. f5 Qe7 15. fxe6 fxe6 16. Qh5+ Qf7 17. Nxe6 Bxe4 18. Nxg7+ Kf8 19. Ne6+ Qxe6 20. Qh6+ Kf7 21. Bd3 Bg6 22. Rhe1 Qg4 23. h3 Qh5 24. Qf4 Bxd3 25. Rxd3 Rhe8 26. Rf1 Qe5 27. Qf2 Re6 28. Rf3 Rce8 29. b3 a5 0-1